 Dungeon Crawl Stone Soup version 0.31-a0-221-gbddc013574 (webtiles) character file.

Game seed: 13191959438571472840

260 qw the Shooter (level 5, -17/45 HPs)
             Began as a Minotaur Hexslinger on July 4, 2023.
             Demolished by Menkaure (22 damage)
             ... on level 4 of the Dungeon.
             The game lasted 00:00:58 (2761 turns).

qw the Shooter (Minotaur Hexslinger)                Turns: 2761, Time: 00:00:59

Health: -17/45     AC:  4    Str: 13    XL:     5   Next: 95%
Magic:  5/5        EV: 12    Int: 10    God:
Gold:   151        SH:  0    Dex: 14    Spells: 5/6 levels left

rFire   . . .        Y - +1 sling (drain)
rCold   . . .        (no shield)
rNeg    . . .        e - +0 leather armour
rPois   .            (helmet restricted)
rElec   .            (no cloak)
rCorr   .            i - +0 pair of gloves
SInv    .            (no boots)
Will    .....        (no amulet)
Stlth   +            (no ring)
HPRegen 0.27/turn    (no ring)
MPRegen 0.09/turn

%: no passive effects
@: no status effects
A: horns 2, retaliatory headbutt
a: no special abilities


You were on level 4 of the Dungeon.
You visited 1 branch of the dungeon, and saw 4 of its levels.

You collected 151 gold pieces.


Innate Abilities, Weirdness & Mutations

You have a pair of horns on your head.
You reflexively headbutt those who attack you in melee.


   Skills:
 - Level 3.1 Fighting
 - Level 6.3 Ranged Weapons
 + Level 0.0 Armour
 - Level 2.1 Dodging
 - Level 1.0 Spellcasting
 - Level 2.0 Hexes


You had 5 spell levels left.
You knew the following spells:

 Your Spells              Type           Power      Damage    Failure   Level
a - Slow                  Hex            16%        N/A       19%         1

Your spell library contained the following spells:

 Spells                   Type           Power      Damage    Failure   Level
 Inner Flame              Hex/Fire       2%         N/A       65%         3
 Portal Projectile        Hex/Tloc       4%         N/A       65%         3
 Cause Fear               Hex            2%         N/A       88%         4

Inventory:

Hand Weapons
 Y - a +1 sling of draining (weapon)
Armour
 e - a +0 leather armour (worn)
 i - a +0 pair of gloves (worn)
Scrolls
 m - 2 scrolls of identify
Potions
 d - a potion of invisibility {unknown}
 f - a potion of haste
 h - 2 potions of degeneration {unknown}
 j - a potion of curing {unknown}
 k - a potion of lignification {unknown}

Dungeon Overview and Level Annotations

Branches:
Dungeon (4/15)
 Temple: D:4-7

Altars:
Cheibriados
Gozag
Uskayaw

Shops:
D:3 (*

Annotations:
D:4 Menkaure


Message History

Menkaure shouts!
You shoot a sling bullet.
The sling bullet barely misses Menkaure.
The orc shouts!
You shoot a sling bullet.
The sling bullet hits Menkaure but does no damage.
A giant cockroach comes into view.
Menkaure mumbles some strange words.
Menkaure seems to speed up.
You shoot a sling bullet. The sling bullet hits Menkaure.
Menkaure is moderately damaged.
You shoot a sling bullet. The sling bullet hits Menkaure.
Menkaure is heavily damaged.
Menkaure hits you!!
You shoot a sling bullet.
The sling bullet barely misses Menkaure.
Menkaure calls on the powers of darkness!
The orc convulses!
The giant cockroach convulses!
Your body is wracked with pain!
Menkaure misses you.
You shoot a sling bullet.
The sling bullet hits Menkaure but does no damage.
Menkaure is heavily damaged.
Menkaure calls on the powers of darkness!
The orc convulses!
The giant cockroach convulses!
Your body is wracked with pain!
You shoot a sling bullet.
The sling bullet hits Menkaure but does no damage.
Menkaure is heavily damaged.
Menkaure calls on the powers of darkness!
Your body is wracked with pain!
You shoot a sling bullet. The sling bullet hits Menkaure.
Menkaure is severely damaged.
Menkaure closely misses you.
Menkaure calls on the powers of darkness!
Your body is wracked with pain!
You shoot a sling bullet.
The sling bullet barely misses Menkaure.
The sling bullet closely misses the giant cockroach.
Menkaure hits you!!
You die...

#
######.#
#......#
###.####
###.#
#...#
#.#.#
#@###
#.Mo.....
###B.....
......
.....
.....
.... ####


You could see Menkaure (fast), an orc and a giant cockroach.

Vanquished Creatures
  An ogre (D:4)
  An orc priest (D:3)
  An iguana (D:4)
  5 adders
  2 worms
  4 dart slugs
  4 orcs (D:3)
  3 ball pythons
  5 bats
  4 endoplasms
  3 giant cockroaches
  5 goblins
  5 hobgoblins
  4 quokkas
  4 frilled lizards
  5 kobolds
  7 rats
63 creatures vanquished.

Notes
Turn   | Place    | Note
-------+----------+-------------------------------------------
     0 | D:1      | qw the Minotaur Hexslinger began the quest for the Orb.
     0 | D:1      | Reached XP level 1. HP: 16/16 MP: 1/1
     0 | D:1      | 0 ||| qw: Version: 0.3-a-41-g9d075ac
     0 | D:1      | 0 ||| qw: Game counter: 803
     0 | D:1      | 0 ||| qw: Melee chars always use a shield: true
     0 | D:1      | 0 ||| qw: God list: Okawaru
     0 | D:1      | 0 ||| qw: Allow faded altars: false
     0 | D:1      | 0 ||| qw: Do Orc after clearing Dungeon:15 true
     0 | D:1      | 0 ||| qw: Do second Lair branch before Depths: true
     0 | D:1      | 0 ||| qw: Lair rune preference: random
     0 | D:1      | 0 ||| qw: Goals: Normal
     0 | D:1      | 0 ||| PLANNING D:1-11
    68 | D:1      | Reached skill level 3 in Ranged Weapons
    68 | D:1      | Reached XP level 2. HP: 23/23 MP: 2/2
   274 | D:1      | HP: 3/23 [kobold/+0 short sword (4)]
   275 | D:1      | HP: 1/23 [kobold/+0 short sword (2)]
   687 | D:1      | You fall into a shaft and drop 1 floor!
   697 | D:2      | Reached XP level 3. HP: 26/29 MP: 3/3
   845 | D:2      | 845 ||| UPGRADING to +0 leather armour.
   855 | D:2      | 855 ||| DROPPING +0 robe.
   856 | D:2      | 856 ||| UPGRADING to +0 pair of gloves.
   861 | D:2      | 861 ||| READING 2 scrolls labelled HIENWAETSE.
   862 | D:2      | 862 ||| READING scroll labelled FISU XANWI.
   863 | D:2      | 863 ||| READING scroll labelled FYUCEISOLE.
   864 | D:2      | 864 ||| READING scroll labelled RIBEYZ YLY MOO.
   865 | D:2      | 865 ||| READING scroll labelled LUCVIS MASOAPS.
   866 | D:2      | 866 ||| DROPPING scroll of fog.
   867 | D:2      | 867 ||| DROPPING scroll of poison.
  1101 | D:1      | 1101 ||| READING scroll labelled UHIOSK XEOSARA.
  1138 | D:2      | Found a hide-covered altar of Uskayaw.
  1164 | D:2      | Reached skill level 4 in Ranged Weapons
  1549 | D:2      | 1549 ||| READING 3 scrolls labelled YMPAWN TIPONWAA.
  1550 | D:2      | 1550 ||| DROPPING 2 scrolls of vulnerability.
  1666 | D:3      | Found Ganud's Antique Weapon Emporium.
  1706 | D:3      | Reached XP level 4. HP: 36/36 MP: 4/4
  1768 | D:3      | Found Caerame's General Store.
  1776 | D:3      | 1776 ||| SHOPLISTING +5 ring of evasion (504 gold, have
                  | 114).
  1776 | D:3      | 1776 ||| SHOPLISTING amulet of regeneration (420 gold, have
                  | 114).
  1865 | D:3      | Reached skill level 5 in Ranged Weapons
  2052 | D:3      | Found an opulent altar of Gozag.
  2164 | D:3      | Reached skill level 3 in Fighting
  2168 | D:3      | Reached XP level 5. HP: 45/45 MP: 5/5
  2171 | D:3      | Found a faded altar of an unknown god.
  2191 | D:3      | 2191 ||| SHOPLISTING twisted orcbow (238 gold, have 146).
  2453 | D:3      | 2453 ||| READING scroll labelled TESHRE CIET.
  2454 | D:3      | 2454 ||| READING scroll labelled VUBLOISSERGH.
  2455 | D:3      | 2455 ||| READING 2 scrolls labelled HOACHE KIUL.
  2458 | D:3      | 2458 ||| READING 2 scrolls labelled BIGEOSK DAOVVA.
  2559 | D:3      | 2559 ||| DRINKING 2 white potions.
  2560 | D:3      | 2560 ||| READING 2 scrolls of identify.
  2560 | D:3      | 2560 ||| IDENTIFYING sedimented white potion
  2561 | D:3      | 2561 ||| DROPPING scroll of silence.
  2574 | D:4      | Found a snail-covered altar of Cheibriados.
  2663 | D:4      | Noticed an ogre
  2670 | D:4      | Killed an ogre
  2671 | D:4      | Reached skill level 6 in Ranged Weapons
  2692 | D:4      | HP: 10/45 [hound (2)]
  2693 | D:4      | 2693 ||| READING scroll of teleportation.
  2694 | D:4      | 2694 ||| DRINKING potion of heal wounds.
  2752 | D:4      | Noticed Menkaure
  2758 | D:4      | HP: 9/45 [??? (7)]
  2760 | D:4      | HP: 4/45 [??? (2)]
  2761 | D:4      | Demolished by Menkaure

Levels and vault maps discovered:
D:1:      saegor_arrival_miasma, layout_loops_ring
D:2:      layout_basic, basic_altar
D:3:      layout_loops_corners, grunt_gozag_statues,
          shapermc_ecumenical_altar_notcrosses, serial_shops,
          nicolae_shop_waterfront, nicolae_shop_tiny_waterfront
D:4:      layout_basic, mainiacjoe_overflow_tiny_flanked,
          nicolae_overflow_crystal_walls, minmay_temple_entry_glass,
          uniq_menkaure

Skill      XL: |  1  2  3  4  5 |
---------------+----------------+-----
Ranged Weapons | 3 4 5 6 |  6.3
Fighting       | 2 3 |  3.1
Dodging        | |  2.1
Spellcasting   | |  1.0
Hexes          | |  2.0

Action                     |  1- 3 |  4- 6 || total
---------------------------+-------+-------++-------
   Fire: Sling             |   137 |    85 ||   222
    Use: Scroll            |     7 |     6 ||    13
         Potion            |       |     2 ||     2
 Armour: Robe              |     8 |       ||     8
         Leather armour    |       |     5 ||     5
  Dodge: Dodged            |    37 |    34 ||    71

Table legend:
 A = Non-vault XP
 B = Vault XP
 C = Vault XP percentage of total XP
 D = Non-vault monster count
 E = Vault monster count
 F = Vault count percentage of total count
                 A         B        C        D         E       F
            +---------+---------+-------+---------+---------+-------
      Total |     372 |       0 |   0.0 |      63 |       0 |   0.0
            +---------+---------+-------+---------+---------+-------
        D:1 |      51 |       0 |   0.0 |      29 |       0 |   0.0
        D:2 |      39 |       0 |   0.0 |      11 |       0 |   0.0
        D:3 |     128 |       0 |   0.0 |      20 |       0 |   0.0
        D:4 |     154 |       0 |   0.0 |       3 |       0 |   0.0
            +---------+---------+-------+---------+---------+-------
